Map: Rainfall LE

Players

SortOf

  • Race: Zerg Zerg
  • League: Grandmaster

IlIlIlIlIlIl - Winner!

  • Race: Protoss Protoss
  • League: Master

VOD

Have the link to the VOD?

Description

Time

  • Played on: Aug. 13, 2026, 5:20 a.m.
  • Length: 10:03
Show
View Real Time Build Order
Export as new Build Order

SortOf Zerg 

Build Orders: Hatch First, Lurkers 

Get SALT Encoding   

  8  0:02  Drone  
  9  0:11  Drone  
  10  0:17  Drone  
  11  0:25  Drone  
  12  0:34  Overlord  
  13  1:01  Hatchery  
  11  1:05  Drone  
  11  1:09  Drone  
  13  1:14  Drone  
  14  1:19  Drone  
  14  1:25  Drone  
  16  1:35  Drone  
  17  1:45  Spawning Pool  
  17  1:46  Drone  
  17  1:49  Extractor  
  16  1:55  Drone  
  17  2:05  Drone  
  18  2:13  Drone  
  18  2:14  Overlord  
  19  2:24  Drone  
  19  2:26  Drone  
  21  2:32  Queen x2  
  21  2:36  Drone  
  26  2:39  Zergling x2  
  27  2:44  Drone  
  27  2:48  Overlord  
  28  2:52  Drone  
  28  2:55  Zergling x2  
  30  3:00  Metabolic Boost  
  30  3:03  Drone  
  31  3:06  Drone  
  32  3:13  Queen  
  32  3:15  Drone  
  35  3:29  Hatchery  
  35  3:33  Overlord  
  34  3:35  Drone  
  34  3:36  Drone  
  34  3:38  Drone  
  37  3:43  Drone x2  
  37  3:47  Drone  
  40  3:53  Overlord  
  40  3:55  Drone x3  
  43  4:00  Spore Crawler  
  43  4:01  Overlord  
  42  4:10  Queen  
  42  4:12  Drone  
  42  4:16  Queen  
  47  4:20  Drone x2  
  47  4:22  Zergling x2  
  47  4:23  Zergling x2  
  51  4:30  Drone  
  51  4:31  Roach Warren  
  51  4:32  Drone  
  51  4:35  Overlord  
  52  4:40  Zergling x6  
  52  4:43  Spore Crawler  
  54  4:46  Drone x2  
  54  4:51  Drone x3  
  59  4:58  Overlord, Drone x2  
  61  5:04  Evolution Chamber  
  61  5:05  Drone x3  
  63  5:08  Zergling x4  
  63  5:13  Zergling x6  
  64  5:23  Lair  
  64  5:24  Drone x5  
  66  5:28  Drone x3  
  66  5:34  Zerg Melee Weapons Level 1  
  66  5:35  Drone x3  
  72  5:41  Extractor  
  71  5:47  Zergling x10  
  75  5:50  Overlord x3  
  75  5:55  Extractor, Spore Crawler  
  73  6:01  Hatchery  
  72  6:04  Drone x3  
  72  6:06  Drone, Overlord  
  72  6:10  Zergling x10  
  81  6:17  Drone x4  
  85  6:20  Zergling x6  
  85  6:22  Extractor  
  87  6:25  Zergling x8  
  87  6:26  Hydralisk Den  
  87  6:29  Overlord  
  89  6:34  Zergling x8  
  89  6:36  Overlord  
  89  6:39  Queen  
  95  6:42  Zergling x4  
  95  6:47  Zergling x8  
  95  6:56  Zergling x12  
  99  7:04  Muscular Augments, Hydralisk x4  
  99  7:07  Extractor  
  105  7:08  Infestation Pit  
  105  7:13  Overseer  
  105  7:15  Drone x7  
  111  7:26  Overlord  
  111  7:27  Drone x5  
  116  7:31  Overlord  
  116  7:32  Zerg Melee Weapons Level 2  
  113  7:38  Hydralisk  
  113  7:40  Overlord  
  113  7:41  Drone x4  
  116  7:49  Drone x3, Extractor  
  116  7:50  Hive  
  116  7:51  Overlord  
  118  7:56  Hydralisk x2  
  118  7:58  Zergling x6  
  125  8:05  Overlord  
  125  8:07  Drone x7  
  125  8:08  Grooved Spines  
  125  8:10  Extractor  
  131  8:14  Lurker Den  
  131  8:18  Drone x5  
  135  8:24  Hydralisk x5  
  145  8:35  Hydralisk x4  
  145  8:36  Zergling x2  
  148  8:44  Hydralisk x3  
  148  8:45  Extractor, Overlord  
  152  8:49  Drone x3  
  152  8:50  Zergling x12  
  152  8:54  Overlord x2  
  161  8:59  Hydralisk x3  
  167  9:03  Spine Crawler, Overlord  
  167  9:06  Zergling x10  
  167  9:08  Overlord  
  171  9:11  Overlord  
  169  9:17  Lurker x3  
  169  9:19  Hydralisk  
  169  9:20  Zergling x8  
  178  9:24  Zergling x10  
  166  9:31  Lurker  
  166  9:34  Hydralisk x4  
  166  9:36  Overseer  
  150  9:38  Hydralisk  
  150  9:41  Zergling x12  
Show
View Real Time Build Order
Export as new Build Order

IlIlIlIlIlIl Protoss - Winner!

Build Orders: Oracle Opening 

Get SALT Encoding   

  8  0:00  Probe (Chrono Boost)  
  9  0:13  Probe (Chrono Boost)  
  10  0:18  Probe (Chrono Boost)  
  11  0:27  Probe  
  12  0:33  Pylon  
  12  0:39  Probe  
  13  0:51  Probe  
  13  0:56  Gateway  
  14  1:03  Probe (Chrono Boost)  
  15  1:07  Assimilator  
  15  1:13  Probe (Chrono Boost)  
  15  1:18  Probe (Chrono Boost)  
  17  1:30  Probe  
  18  1:42  Probe  
  19  1:50  Nexus  
  19  2:01  Cybernetics Core  
  19  2:04  Probe  
  20  2:11  Pylon  
  20  2:16  Probe  
  20  2:19  Assimilator  
  21  2:29  Probe (Chrono Boost)  
  22  2:37  Adept  
  22  2:39  Probe (Chrono Boost)  
  25  2:44  Probe (Chrono Boost)  
  25  2:51  Stargate  
  26  2:58  Probe (Chrono Boost)  
  27  3:01  Warp Gate  
  27  3:02  Probe (Chrono Boost)  
  28  3:10  Stalker  
  28  3:11  Probe (Chrono Boost)  
  28  3:12  Probe (Chrono Boost)  
  32  3:16  Probe (Chrono Boost)  
  32  3:19  Probe  
  34  3:28  Probe  
  34  3:32  Probe  
  36  3:35  Oracle (Chrono Boost)  
  36  3:40  Pylon, Probe  
  40  3:44  Probe  
  41  3:52  Nexus  
  41  3:54  Probe  
  42  4:01  Pylon  
  42  4:03  Probe  
  42  4:06  Oracle (Chrono Boost)  
  42  4:07  Probe  
  47  4:14  Gateway  
  47  4:18  Probe  
  47  4:19  Probe  
  49  4:25  Twilight Council  
  49  4:30  Probe  
  49  4:31  Probe  
  51  4:34  Assimilator  
  51  4:35  Assimilator  
  51  4:42  Probe  
  51  4:43  Probe  
  51  4:44  Pylon  
  53  4:48  Forge  
  53  4:53  Blink (Chrono Boost)  
  53  4:54  Probe  
  53  4:55  Probe  
  55  5:06  Probe  
  56  5:07  Probe  
  56  5:10  Stalker x2  
  56  5:12  Probe  
  62  5:18  Probe  
  62  5:19  Probe  
  62  5:22  Protoss Ground Weapons Level 1  
  62  5:24  Probe  
  61  5:29  Stalker x2  
  61  5:30  Probe  
  61  5:31  Probe  
  61  5:35  Pylon  
  67  5:36  Probe  
  67  5:42  Stalker x2  
  72  5:43  Probe  
  72  5:47  Probe  
  74  5:50  Probe  
  74  5:51  Shield Battery  
  74  5:56  Stalker x2  
  79  5:58  Probe  
  79  5:59  Probe  
  79  6:02  Probe, Pylon  
  82  6:06  Photon Cannon  
  82  6:10  Stalker, Probe  
  85  6:13  Stalker  
  87  6:20  Probe x2  
  87  6:23  Pylon, Probe  
  90  6:29  Fleet Beacon  
  92  6:32  Probe x2  
  92  6:35  Probe  
  93  6:42  Assimilator  
  93  6:44  Stalker x2, Assimilator  
  93  6:45  Probe x2  
  97  6:54  Gateway  
  96  6:55  Gateway  
  93  7:11  Gateway  
  93  7:13  Gateway  
  93  7:15  Gateway, Charge  
  101  7:16  Gateway  
  101  7:20  Mothership (Chrono Boost)  
  101  7:22  Photon Cannon  
  101  7:25  Pylon  
  101  7:26  Pylon  
  101  7:28  Templar Archives  
  65  7:37  Protoss Ground Weapons Level 2 (Chrono Boost)  
  101  7:45  Zealot x2  
  101  7:47  Nexus  
  101  7:49  Pylon  
  105  7:52  Pylon  
  105  7:55  Probe x2  
  107  7:59  Zealot, Pylon  
  107  8:00  Pylon  
  107  8:01  Zealot  
  107  8:03  Pylon  
  111  8:08  Photon Cannon, Shield Battery  
  111  8:10  Probe (Chrono Boost)  
  111  8:11  High Templar x2  
  116  8:14  High Templar  
  116  8:16  Zealot  
  116  8:18  Archon  
  120  8:20  High Templar  
  120  8:23  Pylon  
  120  8:24  Probe x3 (Chrono Boost)  
  125  8:29  Archon  
  125  8:30  Zealot x3  
  125  8:33  Probe  
  132  8:41  Tempest (Chrono Boost), Zealot  
  132  8:46  Pylon  
  132  8:47  Zealot x2  
  142  8:49  Zealot  
  142  8:51  Stargate  
  142  8:55  Photon Cannon  
  144  8:58  Pylon  
  144  8:59  Pylon x2  
  144  9:02  Zealot x2  
  148  9:16  Zealot x5  
  158  9:17  Probe x2  
  158  9:18  Probe  
  158  9:21  Zealot  
  163  9:25  Zealot  
  149  9:34  Zealot  
  133  9:48  Zealot x7  
  133  9:49  Probe x2  
  133  9:50  Probe x2  
  130  10:00  Stalker  
Tags
 
Add a new tag
Caveats
  • Supply blocks, unpowered buildings, or Contaminate may cause inaccurate times.
  • Supply counts are checked every 10 seconds.